 Dungeon Crawl Stone Soup version 0.30-a0-509-gd016549fea (webtiles) character file.

Game seed: 17724280636648261114

247 Mitcholas the Cudgeller (level 5, -10/45 HPs)
             Began as a Minotaur Fighter on Dec 22, 2022.
             Mangled by Duvessa
             ... wielding a +0 rapier of venom
              (11 damage)
             ... on level 4 of the Dungeon.
             The game lasted 00:04:04 (2542 turns).

Mitcholas the Cudgeller (Minotaur Fighter)          Turns: 2542, Time: 00:04:04

Health: -10/45     AC:  8    Str: 22    XL:     5   Next: 85%
Magic:  4/4        EV:  7    Int:  5    God:
Gold:   38         SH:  4    Dex: 10    Spells: 4/4 levels left

rFire   + . .      SeeInvis .    a - +0 flail
rCold   . . .      Faith    .    c - +0 buckler
rNeg    . . .      Spirit   .    u - +3 ring mail of the Kissing Gods {-Cast +Inv Will+}
rPois   .          Reflect  .    (helmet restricted)
rElec   .          Harm     .    (no cloak)
rCorr   .          Rampage  .    (no gloves)
Will    +....      NoCast   +    (no boots)
Stlth   ..........               (no amulet)
HPRegen 0.27/turn                k - ring of protection from fire
MPRegen 0.09/turn                (no ring)

@: mighty, lethally poisoned (-10 -> -31), grasped by roots, constricted
A: horns 2, retaliatory headbutt
a: Evoke Invisibility


You were on level 4 of the Dungeon.
You visited 1 branch of the dungeon, and saw 4 of its levels.

You collected 38 gold pieces.

Inventory:

Hand Weapons
 a - a +0 flail (weapon)
Armour
 c - a +0 buckler (worn)
 u - the +3 ring mail of the Kissing Gods (worn) {-Cast +Inv Will+}
   (You found it on level 3 of the Dungeon)

   +Inv:      It lets you turn invisible.
   -Cast:     It prevents spellcasting.
   Will:      It increases your willpower.
Jewellery
 k - a ring of protection from fire (left hand)
Wands
 l - a wand of flame (52)
 o - a wand of roots (3)
Scrolls
 e - 3 scrolls of identify {unknown}
 i - 2 scrolls of fog {unknown}
 j - a scroll of enchant armour {unknown}
 n - 2 scrolls of blinking {unknown}
 r - a scroll of immolation {unknown}
 t - a scroll of enchant weapon {unknown}
Potions
 b - a potion of flight {unknown}
 f - a potion of magic {unknown}
 g - 2 potions of heal wounds {unknown}
 h - a potion of haste
 m - 2 potions of brilliance {unknown}
 p - 2 potions of mutation {unknown}
 s - a potion of attraction {unknown}


   Skills:
 - Level 3.6 Fighting
 * Level 7.5 Maces & Flails
 - Level 3.6 Armour
 - Level 3.6 Shields


You had 4 spell levels left.
You didn't know any spells.
Your spell library contained the following spells:

 Spells                   Type           Power      Damage    Failure   Level
 Sublimation of Blood     Necr           0%         N/A       86%         2
 Inner Flame              Hex/Fire       0%         N/A       97%         3
 Flame Wave               Conj/Fire      0%         2d4       100%        4
 Petrify                  Tmut/Erth      0%         N/A       100%        4
 Sticky Flame             Conj/Fire      0%         2d3       100%        4
 Irradiate                Conj/Tmut      0%         3d11      100%        5


Dungeon Overview and Level Annotations

Branches:
Dungeon (4/15)
 Temple: D:4-7

Altars:
Elyvilon
Uskayaw
The Shining One

Annotations:
D:4 Dowan, Duvessa


Innate Abilities, Weirdness & Mutations

You have a pair of horns on your head.
You reflexively headbutt those who attack you in melee.


Message History

Found 6 poisoned darts.
There is a stone staircase leading up here.
You feel very mighty all of a sudden.
Dowan hits you with a +1 dagger of speed.
Duvessa hits you with a +0 rapier of venom!
You are poisoned.
You barely miss Duvessa. Your headbutt misses Duvessa.
You feel very sick.
Dowan hits you with a +1 dagger of speed.
Duvessa closely misses you.
You barely miss Duvessa.
You feel sick.
Dowan drinks a potion.
Dowan seems to speed up.
Duvessa hits you with a +0 rapier of venom.
You are more poisoned.
You barely miss Duvessa.
You feel very sick.
Dowan hits you with a +1 dagger of speed.
Dowan closely misses you. Duvessa hits you but does no damage.
You are lethally poisoned!
Dowan says, "Where the sword fails, magic succeeds!"
Dowan zaps a wand.
The roots erupt in riotous growth!
The grasping roots grab you!
Duvessa is unaffected.
Dowan is unaffected.
The grasping roots constrict you.
You hear a shout! x2
You barely miss Duvessa. Your headbutt misses Duvessa.
* * * LOW HITPOINT WARNING * * *
You feel very sick. You block Dowan's attack. The grasping roots constrict you.
* * * LOW HITPOINT WARNING * * *
Duvessa hits you but does no damage.
You are more poisoned.
Dowan barely misses you. The grasping roots constrict you.
You hit Duvessa. You headbutt Duvessa, but do no damage.
Duvessa is lightly wounded.
* * * LOW HITPOINT WARNING * * *
You feel extremely sick. You block Dowan's attack.
The grasping roots constrict you.
* * * LOW HITPOINT WARNING * * *
Duvessa hits you with a +0 rapier of venom!
You die... ♣ ♣. .PP

... ####
#.. #..
##...#e#
#.....@#
#.....e..#
..##.###..#
.. .... ..#
##.(. #
..... #..#
#..


You could see Duvessa and Dowan (fast).

Vanquished Creatures
  An orc priest (D:3)
  Ijyb (D:3)
  Natasha (thrice) (D:2)
  Terence (D:3)
  4 adders
  4 orcs (D:3)
  4 ball pythons
  5 endoplasms
  4 giant cockroaches
  11 goblins
  2 hobgoblins (D:3)
  3 quokkas
  3 bats
  3 frilled lizards
  4 kobolds
  5 rats
58 creatures vanquished.

Notes
Turn   | Place    | Note
-------+----------+-------------------------------------------
     0 | D:1      | Mitcholas the Minotaur Fighter began the quest for the Orb.
     0 | D:1      | Reached XP level 1. HP: 19/19 MP: 0/0
    88 | D:1      | Reached skill level 3 in Maces & Flails
   152 | D:1      | Reached XP level 2. HP: 26/26 MP: 1/1
   490 | D:1      | Reached skill level 4 in Maces & Flails
   702 | D:2      | Found a faded altar of an unknown god.
   702 | D:2      | Found a hide-covered altar of Uskayaw.
   799 | D:2      | Reached XP level 3. HP: 31/31 MP: 2/2
   865 | D:2      | Noticed Natasha
   872 | D:2      | Killed Natasha
   873 | D:2      | Reached skill level 5 in Maces & Flails
   873 | D:2      | Reached XP level 4. HP: 26/39 MP: 3/3
  1123 | D:2      | Noticed Natasha
  1269 | D:2      | Killed Natasha
  1270 | D:2      | Reached skill level 6 in Maces & Flails
  1304 | D:2      | Found a hide-covered altar of Uskayaw.
  1314 | D:2      | Found a faded altar of an unknown god.
  1377 | D:2      | Noticed Natasha
  1387 | D:2      | Killed Natasha
  1388 | D:2      | Reached XP level 5. HP: 19/45 MP: 4/4
  1677 | D:3      | Noticed Ijyb
  1682 | D:3      | Killed Ijyb
  1960 | D:3      | Identified the +3 ring mail of the Kissing Gods {-Cast +Inv
                  | Will+}
  2092 | D:3      | Reached skill level 7 in Maces & Flails
  2286 | D:3      | Found a glowing golden altar of the Shining One.
  2286 | D:3      | Found a white marble altar of Elyvilon.
  2361 | D:3      | Noticed Terence
  2368 | D:3      | Killed Terence
  2536 | D:4      | Noticed Duvessa
  2536 | D:4      | Noticed Dowan
  2542 | D:4      | HP: 1/45 [constriction (2)]
  2542 | D:4      | Mangled by Duvessa

Illustrated notes

Levels and vault maps discovered:
D:1:      lemuel_arrival_room, layout_basic
D:2:      layout_basic, basic_altar, nicolae_ecumenical_oubliette, uniq_natasha
D:3:      layout_rooms, nicolae_overflow_squiral, corexii_leaking_fountain,
          roderic_lattice_a, uniq_ijyb, uniq_terence
D:4:      layout_rooms, serial_forest, infiniplex_forest_clump_medium,
          infiniplex_forest_lined_3, infiniplex_forest_split,
          infiniplex_forest_diagonal, cheibrodos_sewer_entry_drain,
          uniq_duvessa, uniq_edmund

Skill      XL: |  1  2  3  4  5 |
---------------+----------------+-----
Maces & Flails | 3 4 5 6 7 |  7.5
Fighting       | |  3.6
Armour         | |  3.6
Shields        | |  3.6

Action                   |  1- 3 |  4- 6 || total
-------------------------+-------+-------++-------
Melee: Flail             |    51 |    81 ||   132
       Headbutt          |     4 |     9 ||    13
  Use: Potion            |       |     1 ||     1
Armor: Scale mail        |    20 |    14 ||    34
       Chain mail        |       |    21 ||    21
       Ring mail         |       |     2 ||     2
Dodge: Dodged            |    16 |    24 ||    40
Block: Buckler           |    13 |    11 ||    24

Table legend: (Time is in decaauts)
 A = Elapsed time spent in this place.
 B = Non-inter-level travel time spent in this place.
 C = Inter-level travel time spent in this place.
 D = Time resting spent in this place.
 E = Time spent auto-exploring this place.
 F = Levels seen in this place.
 G = Mean time per level.
                   A        B        C        D        E       F      G
               +--------+--------+--------+--------+--------+-----+--------+
         Total |   2564 |   2448 |    116 |    302 |   1768 |   4 |  641.0 |
       Dungeon |   2564 |   2448 |    116 |    302 |   1768 |   4 |  641.0 |
               +--------+--------+--------+--------+--------+-----+--------+

Top non-repeatable levels by time:
     D:2: 935 daAuts
     D:3: 866 daAuts
     D:1: 756 daAuts
     D:4: 6 daAuts
